 Dungeon Crawl Stone Soup version 0.31-a0-204-g7da18cac08 (webtiles) character file.

Game seed: 7915236495058046935

201750 olmar the Peltast (level 18, -1/164 HPs)
             Began as an Armataur Fighter on June 27, 2023.
             Was an Initiate of Gozag.
             Killed from afar by a shock serpent (18 damage)
             ... with a bolt of electricity
             ... on level 1 of the Snake Pit.
             The game lasted 00:50:51 (27394 turns).

olmar the Peltast (Armataur Fighter)               Turns: 27394, Time: 00:50:52

Health: -1/164     AC: 30    Str: 32    XL:     18   Next: 31%
Magic:  27/27      EV:  1    Int: 16    God:    Gozag
Gold:   3103       SH: 38    Dex: 12    Spells: 17/17 levels left

rFire   . . .        X - +6 eveningstar (venom)
rCold   . . .        I - +18 shield of the Gong {Loud rN+ Will+ rCorr EV-5}
rNeg    + + +        K - +1 chain mail {rF+}
rPois   +            R - +0 helmet of Marbles {MP+9 Int+3}
rElec   .            E - +2 cloak of the Eternal Fruit {rPois rF- rN+++ Int+2}
rCorr   +            i - +0 pair of gloves
SInv    +            d - +4 barding of the Lobster {+Blink Will+ Int+3 Dex-5}
Will    +++..        o - amulet of reflection Stlth
                     c - ring "Elisch" {rN+ rCorr SInv}
HPRegen 0.47/turn    y - ring "Betureg" {Str+3 Dex+6 Slay+5}
MPRegen 0.20/turn

%: reflection, roll
@: gold aura, slowed, studying Evocations, very slow
A: large, rugged brown scales 3, deformed body, armoured tail, roll, long
tongue, awkward tongue, MP-powered wands
a: Renounce Religion, Evoke Blink, Potion Petition, Call Merchant, Bribe Branch


You were on level 1 of the Snake Pit.
You worshipped Gozag.
Gozag was most pleased with you.
You visited 7 branches of the dungeon, and saw 27 of its levels.

You collected 7662 gold pieces.
You spent 4349 gold pieces at shops.
You paid 210 gold pieces to Gozag.

Inventory:

Hand Weapons
 X - a +6 eveningstar of venom (weapon)
Missiles
 p - 7 throwing nets
 G - 7 curare-tipped darts (quivered)
Armour
 d - the +4 barding of the Lobster (worn) {+Blink Will+ Int+3 Dex-5}
   (You acquired it on level 10 of the Dungeon)

   Int:       It affects your intelligence (+3).
   Dex:       It affects your dexterity (-5).
   +Blink:    It lets you blink.
   Will:      It increases your willpower.
 i - a +0 pair of gloves (worn)
 E - the +2 cloak of the Eternal Fruit (worn) {rPois rF- rN+++ Int+2}
   (You bought it in a shop on level 1 of the Orcish Mines)

   Int:       It affects your intelligence (+2).
   rF:        It makes you vulnerable to fire.
   rPois:     It protects you from poison.
   rN:        It renders you almost immune to negative energy.
 I - the +18 shield of the Gong (worn) {Loud rN+ Will+ rCorr EV-5}
   (You acquired it on level 9 of the Dungeon)

   Loud:      It is deafeningly noisy when blocking attacks.
   EV:        It affects your evasion (-5).
   rN:        It protects you from negative energy.
   rCorr:     It protects you from acid and corrosion.
   Will:      It increases your willpower.
 K - a +1 chain mail of fire resistance (worn)
 R - the +0 helmet of Marbles (worn) {MP+9 Int+3}
   (You found it on level 9 of the Dungeon)

   Int:       It affects your intelligence (+3).
   MP:        It affects your magic capacity (+9).
Jewellery
 c - the ring "Elisch" (left hand) {rN+ rCorr SInv}
   (You bought it in a shop on level 1 of the Orcish Mines)

   [ring of positive energy]

   rN:        It protects you from negative energy.
   SInv:      It lets you see invisible.
   rCorr:     It protects you from acid and corrosion.
 o - an amulet of reflection (around neck)
 y - the ring "Betureg" (right hand) {Str+3 Dex+6 Slay+5}
   (You bought it in a shop on level 1 of the Orcish Mines)

   [ring of dexterity]

   Str:       It affects your strength (+3).
   Dex:       It affects your dexterity (+6).
   Slay:      It affects your accuracy & damage with ranged weapons and melee
   (+5).
 A - an amulet of regeneration
 T - a ring of protection from fire
Wands
 b - a wand of charming (3)
 e - a wand of light (7)
 O - a wand of mindburst (2)
 V - a wand of roots (16)
 W - a wand of polymorph (14)
Scrolls
 a - 2 scrolls of summoning
 h - 5 scrolls of fear
 j - a scroll of teleportation
 q - 2 scrolls of silence
 z - 3 scrolls of identify
 C - a scroll of blinking
 D - 4 scrolls of vulnerability
 J - a scroll of poison
 M - 6 scrolls of revelation
 N - a scroll of fog
 U - 3 scrolls of enchant armour
Potions
 f - 2 potions of resistance
 g - 2 potions of haste
 m - 6 potions of enlightenment
 r - a potion of might
 v - 2 potions of heal wounds
 B - 3 potions of attraction
 F - 6 potions of brilliance
 H - 2 potions of cancellation
 P - 3 potions of magic
 Q - 2 potions of lignification
 S - a potion of invisibility
 Y - 4 potions of mutation
 Z - 8 potions of curing
Miscellaneous
 k - a phantom mirror
 s - a phial of floods (inert)
 t - a piece from Xom's chessboard (15/15)
 u - a lightning rod (inert)
 w - a box of beasts


   Skills:
 + Level 11.9 Fighting
 + Level 16.9 Maces & Flails
 + Level 14.5 Armour
 + Level 3.7 Dodging
 + Level 19.7 Shields
 + Level 7.3 Evocations


You had 17 spell levels left.
You didn't know any spells.
Your spell library contained the following spells:

 Spells                   Type           Power      Damage    Failure   Level
 Apportation              Tloc           0%         N/A       63%         1
 Magic Dart               Conj           0%         1d3       63%         1
 Necrotise                Necr           0%         1d4       63%         1
 Lesser Beckoning         Tloc           0%         N/A       77%         2
 Poisonous Vapours        Pois/Air       0%         N/A       77%         2
 Searing Ray              Conj           0%         2d4       77%         2
 Frozen Ramparts          Ice            0%         1d1       94%         3
 Gell's Gravitas          Tloc           0%         N/A       94%         3
 Hailstorm                Conj/Ice       0%         3d3       94%         3
 Ignite Poison            Fire/Tmut/Pois 0%         N/A       94%         3
 Mephitic Cloud           Conj/Pois/Air  0%         N/A       94%         3
 Stone Arrow              Conj/Erth      0%         3d7       94%         3
 Summon Guardian Golem    Hex/Summ       0%         N/A       94%         3
 Teleport Other           Tloc           0%         N/A       94%         3
 Vampiric Draining        Necr           0%         2d6       94%         3
 Volatile Blastmotes      Fire/Tloc      0%         2d10      94%         3
 Animate Armour           Summ/Erth      0%         N/A       100%        4
 Dispel Undead            Necr           0%         3d6       100%        4
 Fulminant Prism          Conj/Hex       0%         3d5       100%        4
 Ice Form                 Ice/Tmut       0%         N/A       100%        4
 Iskenderun's Mystic Bla  Conj/Tloc      0%         2d3       100%        4
 Leda's Liquefaction      Hex/Erth       0%         N/A       100%        4
 Manifold Assault         Tloc           0%         N/A       100%        4
 Sticky Flame             Conj/Fire      0%         2d3       100%        4
 Summon Ice Beast         Ice/Summ       0%         N/A       100%        4
 Summon Lightning Spire   Summ/Air       0%         N/A       100%        4
 Agony                    Necr           0%         N/A       100%        5
 Alistair's Intoxication  Tmut/Pois      0%         N/A       100%        5
 Blade Hands              Tmut           0%         N/A       100%        5
 Borgnjor's Vile Clutch   Necr/Erth      0%         N/A       100%        5
 Freezing Cloud           Conj/Ice/Air   0%         6-21      100%        5
 Lee's Rapid Deconstruct  Erth           0%         3d4*      100%        5
 Summon Forest            Summ/Tloc      0%         N/A       100%        5
 Summon Mana Viper        Hex/Summ       0%         N/A       100%        5
 Leda's Unmaking          Conj/Erth      0%         9d1       100%        6
 Statue Form              Tmut/Erth      0%         N/A       100%        6
 Summon Cactus Giant      Summ           0%         N/A       100%        6
 Orb of Destruction       Conj           0%         9d5       100%        7
 Spellforged Servitor     Conj/Summ      0%         N/A       100%        7
 Borgnjor's Revivificati  Necr           0%         N/A       100%        8
 Ignition                 Fire           0%         3d3       100%        8
 Lehudib's Crystal Spear  Conj/Erth      0%         10d2      100%        8
 Necromutation            Tmut/Necr      0%         N/A       100%        8
 Death's Door             Necr           0%         N/A       100%        9
 Simulacrum               Ice/Necr       Unusable   N/A       N/A         6

Dungeon Overview and Level Annotations

Branches:
Dungeon (15/15)            Temple (1/1) D:6            Lair (5/5) D:11
  Swamp (0/4) Lair:2        Snake (1/4) Lair:3        Slime (0/5) Lair:5
    Orc (2/2) D:11            Elf (2/3) Orc:2        Vaults (0/5) D:13
 Depths (1/4) D:15

Altars:
Ashenzari
Cheibriados
Dithmenos
Elyvilon
Fedhas
Gozag
Hepliaklqana
Kikubaaqudgha
Makhleb
Nemelex Xobeh
Okawaru
Qazlal
Ru
Sif Muna
Trog
Uskayaw
Vehumet
Wu Jian
Xom
Yredelemnul
Zin
The Shining One

Shops:
D:11 *(*!*   Orc:1 ==[[?   Orc:2 (?(:   Elf:1 :   Elf:2 *

Annotations:
D:3 1 runed translucent door, porpoise's ghost, amateur BaHs
Lair:4 Bekuax's ghost, journeyman MfIE; Udghoil's ghost, journeyman SpHu; Zinwir's ghost, journeyman KoHu
Lair:5 exclusion: 2 oklob plants
Elf:2 3 runed translucent doors


Innate Abilities, Weirdness & Mutations

You are completely covered in rugged brown scales. (AC +3, +7% HP)
Armour fits poorly on your strangely shaped body.
You have a long armoured tail.
You roll when moving toward enemies. (Rampage)
Your long tongue fully drains potion bottles. (2x potion effects)
Your tongue gives you trouble enunciating. (1.5x scroll delay)
You expend magic power (3 MP) to strengthen your wands.


Message History

The shock serpent is almost dead.
The shock serpent is distracted by your dazzling golden aura. x2
Unknown command.
Unknown command.
Aiming: Thunderbolt
Press: ? - help, Shift-Dir - straight line, f/p - shock serpent
Aim: a shock serpent (almost dead, unaware, very poisoned, hasn't noticed you)
The thunderbolt hits the shock serpent.
The shock serpent completely resists.
The shock serpent is no longer distracted by gold.
The shock serpent hisses angrily.
The thunderbolt hits the shock serpent.
The shock serpent completely resists.
The shock serpent is almost dead.
The shock serpent is no longer distracted by gold.
The shock serpent hisses angrily.
The shock serpent bites you but does no damage.
The shock serpent shoots out a bolt of lightning at you!
The bolt of electricity hits the shock serpent.
The shock serpent completely resists.
The bolt of electricity hits you!
* * * LOW HITPOINT WARNING * * *
You block the shock serpent's attack.
SHROANNG!
You hear an angry hiss. x3
Unknown command.
Aiming: Thunderbolt
Press: ? - help, Shift-Dir - straight line, f/p - shock serpent
Aim: a shock serpent (almost dead, very poisoned)
The thunderbolt hits the shock serpent.
The shock serpent completely resists.
The thunderbolt hits the naga!!
You kill the naga!
The thunderbolt hits the shock serpent.
The shock serpent completely resists.
The shock serpent is almost dead.
The lightning rod overheats!
The shock serpent shoots out a bolt of lightning at you!
The bolt of electricity hits you!!
* * * LOW HITPOINT WARNING * * *
You block the shock serpent's attack.
GONNNNG!
The shock serpent shoots out a bolt of lightning at you!
The bolt of electricity hits you!!
You die...
Your body crumbles into a pile of gold.

#.# #.#
#.#############.#
#.##............#
#.##.#############
#.##.............#
#.##..##########.#
#.........)...##.#
############.###.#
......$S$S@....#.#
#####.#$####.#.#.#
...... #.#.#.#
######.# #.# #.#
.# #.# #.# ## #.#
#.# #.#$#.### .#
#...# ###.#


You could see 2 shock serpents.

Vanquished Creatures
  Saint Roka (Elf:1)
  Rupert (D:13)
  2 deep elf sorcerers (Elf:1)
  A deep elf elementalist (Elf:2)
  An orc warlord (Orc:1)
  A stone giant (D:15)
  The ghost of Fagh the Fighter, a journeyman DsCK of Xom (Lair:4)
  A fire dragon (D:15)
  8 vault guards
  Erolcha (D:10)
  3 hydras
  2 anacondas (Snake:1)
  4 two-headed ogres
  A spriggan air mage (D:15)
  3 centaur warriors
  2 boulder beetles
  4 death yaks (Lair:5)
  15 dancing weapons
  A merfolk avatar (Lair:5)
  2 naga sharpshooters (Snake:1)
  A naga warrior (Snake:1)
  5 orc high priests
  3 tengu warriors
  10 deep elf knights
  Sonja (D:11)
  4 skysharks
  Lodul (D:10)
  2 orange crystal statues (D:13)
  2 wizards
  3 bog bodies (Lair:2)
  5 deep elf archers
  3 lindwurms
  Pikel (D:5)
  26 deep elf pyromancers
  A wolf spider (D:15)
  5 orc knights
  A mana viper (Snake:1)
  4 orc sorcerers
  18 deep elf zephyrmancers
  4 manticores
  5 salamanders
  9 elephants
  9 ugly things (D:15)
  4 cyclopes
  A guardian serpent (Snake:1)
  3 black mambas
  4 naga magi (Snake:1)
  14 cane toads
  4 gargoyles
  An unseen horror (D:11)
  Psyche (D:10)
  3 kobold demonologists
  6 rime drakes
  2 freezing wraiths
  8 komodo dragons
  A tengu conjurer (Elf:1)
  3 trolls
  6 meliai
  6 polar bears (Lair:5)
  A polar bear (shapeshifter) (Elf:1)
  2 wind drakes (Lair:5)
  A hornet (Lair:5)
  13 blink frogs
  2 shadows (D:11)
  3 slime creatures (D:13)
  An air elemental (Elf:2)
  14 wyverns
  22 yaks
  5 water elementals
  8 basilisks
  4 wraiths (D:12)
  A hog (shapeshifter) (D:13)
  4 vampire mosquitoes (D:10)
  2 swamp worms (Lair:2)
  4 wargs
  Edmund (D:5)
  Menkaure (D:5)
  11 nagas (Snake:1)
  4 acid dragons
  14 water moccasins
  39 orc warriors
  4 sky beasts (D:7)
  5 black bears
  18 ogres
  A boggart (Elf:1)
  18 wolves
  6 centaurs
  A phantom (D:5)
  A kobold brigand (D:8)
  7 bullfrogs
  5 scorpions
  17 wights
  7 killer bees
  An electric eel (Lair:2)
  7 howler monkeys
  2 lava snakes (Lair:3)
  A hound (D:7)
  Crazy Yiuf (D:4)
  5 jellies
  21 orc priests
  A gnoll bouda (D:4)
  3 iguanas
  4 sleepcaps
  24 orc wizards
  6 hell rats (Lair:3)
  3 gnolls
  6 adders
  2 shadow imps
  An ufetubus (D:4)
  A worm (D:5)
  A dart slug (D:4)
  67 orcs
  7 ball pythons
  5 bats
  6 endoplasms
  4 giant cockroaches
  14 goblins
  11 hobgoblins
  4 jackals (D:2)
  12 kobolds
  4 quokkas
  3 frilled lizards
  7 rats
726 creatures vanquished.

Vanquished Creatures (collateral kills)
  A hydra (Lair:2)
  A centaur warrior (D:11)
  A boulder beetle (Lair:2)
  A manticore (Lair:3)
  Joseph (D:8)
  A cane toad (Lair:2)
  A komodo dragon (Lair:2)
  A blink frog (Lair:2)
  An air elemental (Elf:1)
  A yak (Lair:2)
  2 basilisks
  A water moccasin (Lair:2)
  An orc warrior (D:6)
  4 wolves (Lair:2)
  A bullfrog (D:6)
  A scorpion (D:6)
  An iguana (D:4)
  An orc wizard (D:11)
  2 orcs (D:11)
24 creatures vanquished.

Vanquished Creatures (others)
  A deep elf pyromancer (Elf:2)
  A cane toad (Lair:5)
  A komodo dragon (Lair:2)
  A wraith (D:10)
  A water moccasin (Lair:5)
  A wolf (Lair:2)
  An orc (Elf:2)
7 creatures vanquished.

Grand Total: 757 creatures vanquished

Notes
Turn   | Place    | Note
-------+----------+-------------------------------------------
     0 | D:1      | olmar the Armataur Fighter began the quest for the Orb.
     0 | D:1      | Reached XP level 1. HP: 19/19 MP: 1/1
   208 | D:1      | Reached XP level 2. HP: 26/26 MP: 2/2
   822 | D:2      | Reached XP level 3. HP: 26/33 MP: 3/3
   988 | D:2      | Identified the +0 leather armour of Foolhardiness {rF+ rN+}
  1734 | D:3      | Reached XP level 4. HP: 40/40 MP: 4/4
  2024 | D:3      | Found a runed translucent door.
  2024 | D:3      | Noticed porpoise's ghost (amateur BaHs)
  2261 | D:4      | Found a runed translucent door.
  2262 | D:4      | Noticed Crazy Yiuf
  2360 | D:4      | Noticed a black bear
  2836 | D:4      | Reached XP level 5. HP: 27/48 MP: 5/5
  2939 | D:4      | Reached skill level 4 in Shields
  2973 | D:4      | Found a large runed translucent door.
  3042 | D:4      | Found a large runed translucent door.
  3049 | D:4      | Found a large runed translucent door.
  3049 | D:4      | Found a large runed translucent door.
  3077 | D:4      | Reached XP level 6. HP: 50/54 MP: 6/6
  3134 | D:4      | Reached skill level 5 in Armour
  3340 | D:4      | Noticed a wyvern
  3342 | D:4      | Reached skill level 5 in Maces & Flails
  3342 | D:4      | Killed a wyvern
  3343 | D:4      | Reached XP level 7. HP: 35/63 MP: 7/7
  3547 | D:4      | Found an iron altar of Okawaru.
  3896 | D:4      | Killed Crazy Yiuf
  3918 | D:5      | Entered Level 5 of the Dungeon
  3975 | D:5      | Reached skill level 5 in Shields
  4055 | D:5      | Reached XP level 8. HP: 68/70 MP: 8/8
  4081 | D:5      | Noticed Pikel
  4103 | D:5      | Killed Pikel
  4104 | D:5      | Reached skill level 6 in Shields
  4104 | D:5      | Reached skill level 1 in Evocations
  4324 | D:5      | Noticed Menkaure
  4332 | D:5      | Killed Menkaure
  4429 | D:5      | Found an ancient bone altar of Kikubaaqudgha.
  4495 | D:5      | Found a shadowy altar of Dithmenos.
  4503 | D:5      | Noticed Edmund
  4508 | D:5      | Killed Edmund
  4509 | D:5      | Reached XP level 9. HP: 77/77 MP: 9/9
  5083 | D:6      | Found a staircase to the Ecumenical Temple.
  5105 | Temple   | Entered the Ecumenical Temple
  5433 | D:6      | Reached skill level 5 in Fighting
  5749 | D:6      | Reached skill level 7 in Shields
  5788 | D:6      | Found a shimmering blue altar of Sif Muna.
  6315 | D:7      | Found a sparkling altar of Nemelex Xobeh.
  6717 | D:8      | Reached skill level 8 in Shields
  6744 | D:8      | Identified the +2 war axe "Qeoreni" {elec, *Slow Str+5}
  6954 | D:8      | Reached XP level 10. HP: 86/86 MP: 10/10
  7039 | D:8      | Noticed Joseph
  7052 | D:8      | Killed Joseph
  7233 | D:8      | Found a bloodstained altar of Trog.
  7893 | D:9      | Found a stormy altar of Qazlal.
  8812 | D:9      | Found an opulent altar of Gozag.
  8846 | D:9      | Became a worshipper of Gozag Ym Sagoz the Greedy
  9064 | D:9      | Identified the +0 helmet of Marbles {MP+9 Int+3}
  9315 | D:10     | Entered Level 10 of the Dungeon
  9320 | D:9      | Identified 2 scrolls of acquirement
  9320 | D:9      | Acquired the +18 shield of the Gong {Loud rN+ Will+ rCorr
                  | EV-5}
  9320 | D:9      | Found the +18 shield of the Gong {Loud rN+ Will+ rCorr
                  | EV-5}
  9389 | D:10     | Noticed Psyche
  9398 | D:10     | Reached skill level 9 in Shields
  9402 | D:10     | Reached skill level 10 in Maces & Flails
  9402 | D:10     | Noticed Erolcha
  9410 | D:10     | Killed Erolcha
  9411 | D:10     | Reached skill level 10 in Armour
  9418 | D:10     | Noticed a gargoyle
  9424 | D:10     | Killed Psyche
  9425 | D:10     | Reached XP level 11. HP: 85/95 MP: 11/11
  9451 | D:10     | Acquired the +4 barding of the Lobster {+Blink Will+ Int+3
                  | Dex-5}
  9511 | D:10     | Found a glowing silver altar of Zin.
  9598 | D:10     | Reached skill level 10 in Shields
  9622 | D:10     | Noticed Lodul
  9634 | D:10     | Killed Lodul
 10272 | D:11     | Reached skill level 11 in Shields
 10351 | D:11     | Found Nisarr's General Store.
 10362 | D:11     | Bought a wand of roots (3) for 115 gold pieces
 10362 | D:11     | Bought a wand of polymorph (5) for 112 gold pieces
 10362 | D:11     | Bought a potion of degeneration for 16 gold pieces
 10398 | D:11     | Found Viaq's Antique Weapon Emporium.
 10398 | D:11     | Found Cumneg's Assorted Antiques.
 10429 | D:11     | Bought a runed eveningstar for 540 gold pieces
 10460 | D:11     | Found Giuc's Distillery.
 10474 | D:11     | Bought a potion of invisibility for 80 gold pieces
 10474 | D:11     | Bought a potion of mutation for 80 gold pieces
 10474 | D:11     | Bought a potion of heal wounds for 50 gold pieces
 10474 | D:11     | Bought a potion of heal wounds for 50 gold pieces
 10474 | D:11     | Bought a potion of curing for 30 gold pieces
 10519 | D:11     | Noticed a two-headed ogre
 10529 | D:11     | Killed a two-headed ogre
 10538 | D:11     | Noticed Sonja
 10547 | D:11     | Killed Sonja
 10553 | D:11     | Noticed a centaur warrior
 10561 | D:11     | Killed a centaur warrior
 10769 | D:11     | Identified the +0 quarterstaff "Beetlebane" {heavy, Str+3}
 10846 | D:11     | Found a staircase to the Orcish Mines.
 11428 | D:11     | Found a staircase to the Lair.
 11476 | D:11     | Found Gelyone's General Store.
 11484 | D:11     | Bought 3 scrolls of revelation for 247 gold pieces
 11484 | D:11     | Bought a scroll of vulnerability for 44 gold pieces
 11484 | D:11     | Bought a scroll of identify for 22 gold pieces
 11484 | D:11     | Bought a scroll of immolation for 44 gold pieces
 11555 | D:11     | Reached skill level 12 in Shields
 11587 | Orc:1    | Entered Level 1 of the Orcish Mines
 11587 | Orc:1    | Noticed an orc knight
 11691 | D:11     | Killed an orc knight
 11692 | D:11     | Reached XP level 12. HP: 55/103 MP: 12/12
 12095 | Orc:1    | Found Jupnud's Jewellery Emporium.
 12107 | Orc:1    | Bought the ring "Elisch" {rN+ rCorr SInv} for 515 gold
                  | pieces
 12123 | Orc:1    | Found Xaviufiy's Antique Armour Emporium.
 12127 | Orc:1    | Found Vooxuyr's Jewellery Shoppe.
 12172 | Orc:1    | Found Dogemn's Antique Armour Shop.
 12181 | Orc:1    | Found a burning altar of Makhleb.
 12348 | Orc:1    | Found Liona's Magic Scroll Boutique.
 12412 | Orc:2    | Entered Level 2 of the Orcish Mines
 12753 | Orc:2    | Noticed an orc warlord
 12835 | Orc:2    | Noticed an orc high priest
 12946 | Orc:2    | Noticed an orc high priest
 12947 | Orc:2    | Noticed an orc high priest
 12950 | Orc:2    | Gained mutation: You expend magic power (3 MP) to
                  | strengthen your wands. [a neqoxec]
 13326 | D:12     | Noticed a two-headed ogre
 13330 | D:12     | Killed a two-headed ogre
 13337 | D:12     | Noticed a two-headed ogre
 13344 | D:12     | Killed a two-headed ogre
 13347 | D:12     | Reached skill level 13 in Shields
 14117 | D:13     | Noticed a centaur warrior
 14122 | D:13     | Killed a centaur warrior
 14124 | D:13     | Noticed a boulder beetle
 14141 | D:13     | Killed a boulder beetle
 14314 | D:13     | Noticed a two-headed ogre
 14323 | D:13     | Noticed a seven-headed hydra
 14328 | D:13     | Killed a two-headed ogre
 14330 | D:13     | Noticed Rupert
 14338 | D:13     | Killed a seven-headed hydra
 14342 | D:13     | Noticed a vault guard
 14349 | D:13     | Noticed a vault guard
 14356 | D:13     | Noticed a vault guard
 14358 | D:13     | Noticed a vault guard
 14359 | D:13     | Noticed a vault guard
 14360 | D:13     | Killed a vault guard
 14360 | D:13     | Noticed a vault guard
 14361 | D:13     | Noticed a vault guard
 14363 | D:13     | Noticed a vault guard
 14404 | D:12     | Killed a vault guard
 14553 | Lair:1   | Entered Level 1 of the Lair of Beasts
 14580 | Lair:1   | Reached XP level 13. HP: 114/114 MP: 13/13
 14758 | Lair:1   | Reached skill level 14 in Shields
 14898 | Lair:1   | Reached skill level 1 in Dodging
 14954 | Lair:1   | Got the Discursus on Spatial Abominable Deeds
 16985 | Lair:2   | Found a staircase to the Swamp.
 17135 | Lair:3   | Reached skill level 15 in Shields
 17745 | Lair:3   | Found a staircase to the Snake Pit.
 18344 | Orc:1    | Bought a scroll of acquirement for 780 gold pieces
 18344 | Orc:1    | Bought a scroll of poison for 60 gold pieces
 18344 | Orc:1    | Bought a scroll of identify for 30 gold pieces
 18344 | Orc:1    | Bought a scroll of identify for 30 gold pieces
 18344 | Orc:1    | Bought a scroll of identify for 30 gold pieces
 18344 | Orc:1    | Acquired a manual of Evocations
 18396 | Orc:1    | Bought a translucent cloak for 228 gold pieces
 18396 | Orc:1    | Identified the +2 cloak of the Eternal Fruit {rPois rF-
                  | rN+++ Int+2} (You bought it in a shop on level 1 of the
                  | Orcish Mines)
 18456 | Orc:1    | Killed an orc warlord
 18457 | Orc:1    | Reached XP level 14. HP: 85/124 MP: 14/14
 18717 | Orc:1    | Reached skill level 16 in Shields
 18987 | Orc:2    | Found a staircase to the Elven Halls.
 19047 | Orc:2    | Found Feyll's Book Boutique.
 19047 | Orc:2    | Found Udyathraiq's Weapon Boutique.
 19048 | Orc:2    | Found Loseholaumu's Magic Scroll Shop.
 19048 | Orc:2    | Found Keup Huwk's Antique Weapon Boutique.
 19056 | Orc:2    | Bought a scroll of teleportation for 33 gold pieces
 19056 | Orc:2    | Bought a scroll of fear for 44 gold pieces
 19900 | Lair:4   | Found a runed translucent gate.
 19900 | Lair:4   | Found a runed translucent gate.
 19900 | Lair:4   | Noticed Bekuax's ghost (journeyman MfIE)
 19901 | Lair:4   | Found a runed translucent gate.
 19901 | Lair:4   | Noticed Fagh's ghost (journeyman DsCK)
 19901 | Lair:4   | Noticed Zinwir's ghost (journeyman KoHu)
 19901 | Lair:4   | Noticed Udghoil's ghost (journeyman SpHu)
 19902 | Lair:4   | Noticed Udghoil's ghost (journeyman SpHu)
 20252 | Lair:4   | Killed Fagh's ghost
 20307 | Lair:5   | Entered Level 5 of the Lair of Beasts
 20534 | Lair:5   | Reached skill level 17 in Shields
 20814 | Lair:5   | Identified the +6 scimitar of Kypioss {protect, rCorr SInv}
 20827 | Lair:5   | Identified the ring of Koet {+Blink Will- Str+6 Int+6}
 20989 | Lair:5   | Found a shimmering blue altar of Sif Muna.
 21199 | Lair:5   | Found a staircase to the Slime Pits.
 21623 | D:13     | Killed Rupert
 21624 | D:13     | Reached skill level 15 in Maces & Flails
 21624 | D:13     | Reached XP level 15. HP: 117/133 MP: 15/15
 21780 | D:13     | Found a gate to the Vaults.
 21834 | D:13     | Reached skill level 10 in Fighting
 21834 | D:13     | Reached XP level 16. HP: 143/143 MP: 16/16
 21834 | D:13     | Reached XP level 17. HP: 149/149 MP: 17/17
 22131 | Orc:1    | Bought the ring "Betureg" {Str+3 Dex+6 Slay+5} for 1054
                  | gold pieces
 22917 | Elf:1    | Entered Level 1 of the Elven Halls
 22953 | Elf:1    | Reached skill level 18 in Shields
 23544 | Elf:1    | Paralysed by an air elemental for 1 turns
 23942 | Elf:1    | Found Siacarou's Book Shoppe.
 24371 | Elf:2    | Noticed Saint Roka
 24539 | Elf:1    | Killed Saint Roka
 24781 | Elf:2    | Found Keyz's Assorted Antiques.
 24904 | Elf:2    | Bought a potion of heal wounds for 115 gold pieces
 24934 | Elf:2    | Paralysed by an air elemental for 1 turns
 24938 | Elf:2    | Paralysed by an air elemental for 1 turns
 25003 | Elf:2    | Found a runed translucent gate.
 25006 | Elf:2    | Found a runed translucent gate.
 25006 | Elf:2    | Found a runed translucent gate.
 25115 | Elf:2    | Reached skill level 19 in Shields
 25843 | D:13     | Reached XP level 18. HP: 98/161 MP: 18/18
 26066 | D:15     | Entered Level 15 of the Dungeon
 26220 | D:15     | Found a staircase to the Depths.
 26831 | Depths:1 | Entered Level 1 of the Depths
 27076 | Snake:1  | Entered Level 1 of the Snake Pit
 27394 | Snake:1  | Killed from afar by a shock serpent

Illustrated notes

Levels and vault maps discovered:
D:1:      elethiomel_arrival_infinity_welcomes_careful_drivers, layout_basic
D:2:      layout_basic
D:3:      layout_basic, gammafunk_ghost_grave, grunt_ministairs_1,
          minmay_goblin_kobold_house
D:4:      layout_loops_ring, kennysheep_okawaru_gauntlet,
          minmay_hollow_rounded_squares, uniq_crazy_yiuf_cottage
D:5:      layout_loops_cross, overflow_temple_1_default, amcnicky_altar_gilded,
          uniq_pikel, uniq_menkaure, uniq_edmund
D:6:      layout_cave_pools, led_sif_pool, minmay_temple_entry_trees
D:7:      layout_loops_ring, nemelex_xobeh_ov_fountains_minmay
D:8:      layout_loops_corners, marbit_many_paths, chequers_mini_garden,
          uniq_joseph
D:9:      layout_basic, lemuel_crystal_altar, grunt_qazlal_clouds
D:10:     layout_irregular_city, zin_academy, uniq_erolcha, uniq_psyche,
          uniq_lodul
D:11:     layout_long_grid, erik_lair_dragon, minmay_orc_entry_temple_small,
          serial_shops, kennysheep_mini, nicolae_shop_gibbet_a_chance, shop,
          shop, nicolae_shop_overgrown_old_shop, uniq_sonja
D:12:     layout_stronghold, kennysheep_generic_room_7
D:13:     layout_rooms, erik_vaults_2, minmay_more_statues, uniq_rupert
D:14:     layout_rooms, serial_glass, glass_columns_c, glass_columns_b,
          glass_columns_a, glass_columns_b, glass_columns_b, glass_columns_a,
          minmay_strange_pillars, glass_columns_a
D:15:     grunt_enter_depths_snipers, layout_long_grid
Temple:   nicolae_temple_figure_eight
Lair:1:   layout_loops_ring
Lair:2:   layout_layer_cave, nicolae_swamp_entry_splash_gauntlet, st_stairs_11,
          grunt_megastairs_3
Lair:3:   layout_roguey [special_room_mythical_zoo],
          nicolae_snake_entry_warm_welcome, beast_lair_carwin_4,
          infiniplex_staircase_pool
Lair:4:   layout_long_grid, gammafunk_ghost_cemetery, st_stairs_8
Lair:5:   gammafunk_lair_ancient_temple, layout_gridlike,
          minmay_slime_entry_oklob_enclosed, basic_altar
Snake:1:  layout_basic, grunt_ministairs_4, drop_trap, grunt_megastairs_2,
          uniq_donald
Orc:1:    layout_caves, serial_shops, shop_coins, nicolae_shop_stone,
          nicolae_shop_just_a_little_nook, shop, shop, basic_altar,
          abandoned_shop
Orc:2:    st_orc_pillars, layout_caves
Elf:1:    eino_elf_arrival_customs, layout_loops_cross, serial_shops,
          nicolae_shop_hallway_stairs, hangedman_elf_disciples,
          lemuel_upstairs_altar
Elf:2:    elven_hall_of_blades_hangedman_original [nicolae_blade_tridents],
          layout_geoelf_grid, serial_shops, shop, uniq_saint_roka
Depths:1: layout_big_octagon, hangedman_tar_grid_catacomb, serial_shops, shop,
          nicolae_shop_trees, shop, shop, minmay_misc_feat_enclosed,
          minmay_misc_feat_roman, minmay_misc_feat_secret_circle, hex_medium,
          grunt_ministairs_10, hangedman_decor_riveting, uniq_nikola

Skill      XL: |  1  2  3  4  5  6  7  8  9 10 11 12 13 14 15 16 17 |
---------------+----------------------------------------------------+-----
Fighting       | 3 4 5 6 7 8 9 10 11 | 11.9
Maces & Flails | 2 3 4 5 6 7 8 10 11 12 13 15 16 | 16.9
Armour         | 4 5 6 7 8 10 11 12 13 14 | 14.5
Shields        | 4 5 6 8 9 12 13 15 17 19 | 19.7
Evocations     | 1 2 3 4 6 7 |  7.3
Dodging        | 1 2 3 |  3.7

Action                     |  1- 3 |  4- 6 |  7- 9 | 10-12 | 13-15 | 16-18 || total
---------------------------+-------+-------+-------+-------+-------+-------++-------
  Melee: Flail             |   137 |   134 |   286 |   270 |       |       ||   827
         Tailslap          |    10 |    11 |    46 |   110 |   145 |    91 ||   413
         Eveningstar       |       |       |       |   367 |   952 |   505 ||  1824
  Throw: Dart              |       |       |     4 |     9 |    11 |     8 ||    32
  Evoke: Lightning rod     |       |     1 |     4 |    15 |     6 |     7 ||    33
         Box of beasts     |       |       |     3 |     4 |     4 |     1 ||    12
         Wand              |       |       |       |     2 |    24 |     3 ||    29
         Piece from Xom's  |       |       |       |       |     2 |       ||     2
         Phial of floods   |       |       |       |       |       |     2 ||     2
    Use: Scroll            |     1 |     1 |     4 |    13 |    13 |     3 ||    35
         Potion            |       |       |     1 |     4 |     2 |     5 ||    12
   Stab: Distracted        |       |     1 |       |     3 |     5 |     4 ||    13
         Invisible         |       |       |       |     1 |       |     4 ||     5
 Armour: Scale mail        |    37 |       |       |       |       |       ||    37
         Plate armour      |    39 |    93 |   184 |   187 |   390 |       ||   893
         Chain mail        |       |       |       |       |       |    99 ||    99
  Dodge: Dodged            |    49 |     8 |    30 |    17 |    11 |     7 ||   122
  Block: Buckler           |    36 |    64 |   152 |    65 |       |       ||   317
         Reflection        |       |     2 |     1 |    29 |       |    45 ||    77
         Kite shield       |       |       |       |   689 |  1235 |   499 ||  2423

Table legend: (Time is in decaauts)
 A = Elapsed time spent in this place.
 B = Non-inter-level travel time spent in this place.
 C = Inter-level travel time spent in this place.
 D = Time resting spent in this place.
 E = Time spent auto-exploring this place.
 F = Levels seen in this place.
 G = Mean time per level.
                   A        B        C        D        E       F      G
               +--------+--------+--------+--------+--------+-----+--------+
         Total |  27319 |  24850 |   2469 |   3596 |  15941 |  27 | 1011.8 |
       Dungeon |  15753 |  14230 |   1523 |   1564 |   9926 |  15 | 1050.2 |
        Temple |    287 |    287 |      0 |      0 |    249 |   1 |  287.0 |
          Lair |   5758 |   5298 |    460 |    430 |   3791 |   5 | 1151.6 |
     Snake Pit |    305 |    305 |      0 |      0 |    167 |   1 |  305.0 |
  Orcish Mines |   2487 |   2255 |    232 |    748 |    692 |   2 | 1243.5 |
   Elven Halls |   2717 |   2466 |    251 |    854 |   1116 |   2 | 1358.5 |
        Depths |      9 |      9 |      0 |      0 |      0 |   1 |    9.0 |
               +--------+--------+--------+--------+--------+-----+--------+

Top non-repeatable levels by time:
    D:11: 2076 daAuts
     D:9: 1781 daAuts
  Lair:2: 1751 daAuts
   Elf:1: 1738 daAuts
     D:4: 1611 daAuts
   Orc:1: 1460 daAuts
    D:12: 1245 daAuts
  Lair:3: 1148 daAuts
  Lair:5: 1146 daAuts
    D:13: 1049 daAuts
   Orc:2: 1026 daAuts
     D:5: 1010 daAuts
  Lair:1: 979 daAuts
   Elf:2: 979 daAuts
     D:8: 890 daAuts
